Map: Odyssee LE

Players

maDnexs - Winner!

  • Race: Terran Terran
  • League: Diamond
  • Spawn Location: 11:00

Panda

  • Race: Zerg Zerg
  • League: Diamond
  • Spawn Location: 5:00

VOD

Have the link to the VOD?

Description

Time

  • Played on: Sept. 8, 2017, 2:07 p.m.
  • Length: 6:07
Show
View Real Time Build Order
Export as new Build Order

maDnexs Terran - Winner!

Build Orders:  

Get SALT Encoding   

  12  0:01  SCV  
  13  0:13  SCV  
  14  0:17  Supply Depot  
  14  0:25  SCV  
  15  0:36  Refinery  
  15  0:38  SCV  
  16  0:45  Barracks  
  16  0:50  SCV  
  17  1:02  SCV  
  18  1:15  SCV  
  19  1:32  Orbital Command, Barracks Reactor  
  19  1:46  Command Center  
  19  1:53  Barracks  
  19  1:58  SCV  
  20  2:12  SCV  
  20  2:14  Marine x2  
  22  2:17  Supply Depot  
  21  2:26  Bunker  
  21  2:29  Bunker  
  21  2:32  Marine x2  
  23  2:37  Engineering Bay  
  23  2:42  Marine  
  24  2:50  Marine, SCV  
  26  2:59  Marine  
  26  3:00  Marine  
  26  3:02  SCV  
  29  3:09  Missile Turret  
  29  3:19  Supply Depot  
  29  3:30  Supply Depot  
  26  3:48  Supply Depot  
  26  4:10  Marine x3  
  27  4:18  Missile Turret  
  27  4:27  Marine x3  
  30  4:39  Command Center  
  30  4:48  Marine x2  
  30  4:49  Barracks Tech Lab  
  32  4:53  Supply Depot  
  32  5:06  Marine x2, SCV  
  35  5:18  SCV  
  35  5:24  Marauder  
  35  5:28  Factory, Marine x2  
  39  5:37  Supply Depot  
Show
View Real Time Build Order
Export as new Build Order

Panda Zerg 

Build Orders: Pool Only, Ravager All-In 

Get SALT Encoding   

  12  0:17  Spawning Pool  
  11  0:22  Drone  
  11  0:27  Drone  
  13  0:31  Drone  
  14  0:36  Extractor  
  14  0:39  Drone  
  14  0:47  Overlord  
  14  0:56  Extractor, Drone  
  14  1:07  Roach Warren  
  13  1:12  Drone  
  14  1:20  Zergling x2  
  15  1:47  Roach  
  15  1:48  Roach  
  15  1:49  Roach  
  21  2:01  Overlord  
  21  2:25  Roach  
  21  2:26  Roach  
  25  2:30  Ravager  
  25  2:31  Ravager  
  25  2:35  Ravager  
  28  2:52  Roach  
  28  2:53  Overlord  
  26  3:23  Roach x3  
  25  3:51  Roach x2  
  26  3:57  Ravager  
  26  4:01  Roach  
  29  4:11  Overlord  
  29  4:28  Ravager  
  29  4:30  Ravager  
  31  4:32  Roach x2  
  35  4:51  Roach  
  37  4:53  Ravager, Overlord  
  38  5:41  Roach x3  
Tags
 
Matchup
TvZ
Opening
Pool Only
Replay Pack
replays1
Spawn Locations
Cross Positions
Add a new tag
Caveats
  • Supply blocks, unpowered buildings, or Contaminate may cause inaccurate times.
  • Supply counts are checked every 10 seconds.